 Dungeon Crawl Stone Soup version 0.19-b1-4-gd8a0a2a (webtiles) character file.

3642 Chiseanne the Fighter (level 9, -1/74 HPs)
             Began as a Mummy Artificer on Oct 30, 2016.
             Was an Initiate of Gozag.
             Slain by a killer bee (8 damage)
             ... on level 8 of the Dungeon.
             The game lasted 00:29:02 (8461 turns).

Chiseanne the Fighter (Mummy Artificer)             Turns: 8461, Time: 00:29:03

Health: -1/74      AC:  7    Str: 15    XL:     9   Next: 88%
Magic:  14/14      EV: 16    Int: 14    God:    Gozag
Gold:   259        SH:  0    Dex: 14    Spells: 0 memorised, 8 levels left

rFire  . . .     SeeInvis .     a - +3 short sword (venom)
rCold  + . .     Gourm    .     C - +3 leather armour {rF+}
rNeg   + + +     Faith    .     (no shield)
rPois  ∞         Spirit   .     l - +0 helmet
rElec  .         Reflect  .     (no cloak)
rCorr  .         Harm     .     (no gloves)
MR     ++...                    (no boots)
Stlth  +.........               (no amulet)
                                u - +2 ring of intelligence
                                I - ring of protection from magic

@: no status effects
A: no food or potions, fire vulnerability, cold resistance 1, negative energy
resistance 3, torment resistance, unbreathing
a: Potion Petition, Call Merchant, Bribe Branch, Renounce Religion


You were on level 8 of the Dungeon.
You worshipped Gozag.
Gozag was aware of your devotion.
You were not hungry.

You visited 2 branches of the dungeon, and saw 9 of its levels.

You collected 1052 gold pieces.
You spent 317 gold pieces at shops.
You paid 476 gold pieces to Gozag.

Inventory:

Hand Weapons
 a - a +3 short sword of venom (weapon)
 c - the +7 rapier "Keteb" {pierce, +Inv Int+2}
   (You found it on level 7 of the Dungeon)

   It inflicts extra damage upon your enemies.
   It affects your intelligence (+2).
   It lets you turn invisible.
 d - a +2 flail of protection
 f - a +6 great sword of freezing
 p - a +0 hunting sling
 G - a +2 whip of electrocution
Missiles
 g - 62 poisoned needles
 h - 164 arrows
 i - 81 bolts
 j - 272 stones (quivered)
 n - 44 sling bullets
 s - 5 tomahawks
 t - a throwing net {!*}
 z - 6 javelins of penetration
Armour
 l - a +0 helmet (worn)
 C - a +3 leather armour of fire resistance (worn)
Magical Staves
 F - an uncursed staff of energy
Jewellery
 u - a +2 ring of intelligence (right hand)
 I - a ring of protection from magic (left hand)
Wands
 r - a wand of disintegration (1/24)
 x - a wand of enslavement (0/24)
Scrolls
 b - 2 scrolls of remove curse
 m - 2 scrolls of fog
 o - 5 scrolls of identify
 q - a scroll of amnesia
 y - a scroll of recharging
 A - a scroll of silence
 B - a scroll of teleportation
 D - 2 scrolls of immolation
 E - a scroll of enchant armour
Books
 v - a book of Necromancy

   Spells                             Type                      Level
   a - Pain                           Necromancy                   1
   b - Animate Skeleton               Necromancy                   1
   c - Vampiric Draining              Necromancy                   3
   d - Regeneration                   Charms/Necromancy            3
   e - Animate Dead                   Necromancy                   4
   f - Control Undead                 Necromancy                   4


   Skills:
 * Level 8.2 Fighting
 - Level 0.7 Short Blades
 * Level 7.1 Dodging
 - Level 0.7 Stealth
 * Level 7.3 Evocations


You had 8 spell levels left.
You didn't know any spells.

Dungeon Overview and Level Annotations

Branches:
Dungeon (8/15)             Temple (1/1) D:4            Lair (0/6) D:8

Altars:
Ashenzari
Cheibriados
Dithmenos
Elyvilon
Fedhas
Gozag
Hepliaklqana
Kikubaaqudgha
Makhleb
Nemelex Xobeh
Okawaru
Qazlal
Ru
Sif Muna
Trog
Uskayaw
Vehumet
Xom
Yredelemnul
Zin
The Shining One

Shops:
D:5 :   D:8 ?

Annotations:
D:7 appiemonkey's ghost, novice MiFi


Innate Abilities, Weirdness & Mutations

You do not eat or drink.
Your flesh is vulnerable to fire.
You are immune to poison.
Your flesh is cold resistant. (rC+)
You are immune to negative energy. (rN+++)
You are immune to unholy pain and torment.
You can survive without breathing.


Message History

a - a +3 short sword of venom (weapon)
The killer bee misses you.
You miss the killer bee. The killer bee stings you.
* * * LOW HITPOINT WARNING * * *
The killer bee stings you but does no damage.
You hit the killer bee.
The killer bee is moderately wounded.
The killer bee closely misses you. The killer bee misses you.
The killer bee stings you.
* * * LOW HITPOINT WARNING * * *
You closely miss the killer bee.
The killer bee is moderately wounded.
The killer bee stings you but does no damage.
The killer bee stings you!
* * * LOW HITPOINT WARNING * * *
You hit the killer bee.
The killer bee is poisoned.
The killer bee is moderately wounded.
The killer bee closely misses you. The killer bee stings you!
You die...
Your body crumbles into a pile of gold.

#......≈≈≈≈.≈.≈≈
#.####...≈≈.≈.≈≈
#.# #....≈.≈.≈≈
##.## #..........
##...###..........
#..#.........##.##
#....##########.#
#y#.## #.#
####@...##### #.#
#........)..# #.#
#.##....##..# #.#
#.##.#####..#
###.# #.##.# #[)#
#...# #.##.# #.)#
#.###
#.##.#####..# #.#
#.##........# #.#
#.##..#####.# #.#


You could see a killer bee.

Vanquished Creatures
  Pikel (D:6)
  2 trolls
  Sigmund (D:5)
  Menkaure (D:7)
  Duvessa (D:4)
  A phantom (D:6)
  3 ogres
  A black bear (D:6)
  2 centaurs
  Dowan (D:4)
  A scorpion (D:5)
  9 killer bees
  2 wights (D:6)
  A howler monkey (D:5)
  3 crimson imps
  2 bullfrog zombies
  A hound (D:8)
  2 orc priests
  3 orc wizards
  Crazy Yiuf (D:4)
  Ijyb (D:3)
  2 iguanas
  Natasha (twice) (D:4)
  4 worker ants
  A hound zombie (D:6)
  Robin (D:3)
  A gnoll (D:4)
  12 adders
  2 adder skeletons
  5 worms
  3 leopard geckos
  12 orcs
  3 giant cockroaches
  12 goblins
  11 hobgoblins
  3 jackals
  5 kobolds
  3 quokkas
  2 ball pythons
  3 bats
  4 frilled lizards
  2 quokka skeletons
  3 rats
  A fungus (D:4)
137 creatures vanquished.

Vanquished Creatures (collateral kills)
  A killer bee (D:7)
  2 wights (D:6)
  5 electric eels (D:8)
  5 hounds (D:8)
  A leopard gecko (D:2)
  6 orcs
  A hobgoblin (D:2)
  3 jackals (D:8)
  A bat (D:2)
  A frilled lizard (D:2)
26 creatures vanquished.

Vanquished Creatures (others)
  2 slaves (D:7)
  A scorpion (D:7)
  3 killer bees
  A wight (D:6)
  A centaur zombie (D:7)
  A hound (D:8)
  2 gnolls (D:4)
  An orc (D:6)
12 creatures vanquished.

Grand Total: 175 creatures vanquished

Notes
Turn   | Place    | Note
-------+----------+-------------------------------------------
     0 | D:1      | Chiseanne the Mummy Artificer began the quest for the Orb.
     0 | D:1      | Reached XP level 1. HP: 15/15 MP: 2/2
   217 | D:1      | Reached XP level 2. HP: 16/21 MP: 3/3
  1047 | D:2      | Reached skill level 2 in Fighting
  1049 | D:2      | Reached XP level 3. HP: 27/27 MP: 5/5
  1557 | D:2      | Reached XP level 4. HP: 21/34 MP: 6/6
  1934 | D:3      | Noticed Robin
  1949 | D:3      | Killed Robin
  2287 | D:3      | Noticed Ijyb
  2306 | D:3      | Killed Ijyb
  2306 | D:3      | Reached skill level 3 in Fighting
  2306 | D:3      | Reached XP level 5. HP: 40/41 MP: 7/7
  2516 | D:3      | Found a hazy altar of Hepliaklqana.
  2988 | D:3      | Found a blossoming altar of Fedhas.
  3247 | D:4      | Noticed an ogre
  3249 | D:4      | Killed an ogre
  3249 | D:4      | Reached XP level 6. HP: 47/47 MP: 8/8
  3326 | D:4      | Noticed Natasha
  3346 | D:4      | Killed Natasha
  3457 | D:4      | Found a staircase to the Ecumenical Temple.
  3488 | D:4      | Found a burning altar of Makhleb.
  3488 | D:4      | Found a sacrificial altar of Ru.
  3494 | Temple   | Entered the Ecumenical Temple
  3653 | Temple   | Became a worshipper of Gozag Ym Sagoz the Greedy
  3698 | D:4      | Found a glowing golden altar of the Shining One.
  3698 | D:4      | Noticed Dowan
  3699 | D:4      | Found a stormy altar of Qazlal.
  3701 | D:4      | Noticed Duvessa
  3707 | D:4      | Killed Duvessa
  3707 | D:4      | Reached skill level 4 in Fighting
  3722 | D:4      | Found a hide-covered altar of Uskayaw.
  3722 | D:4      | Found a sparkling altar of Nemelex Xobeh.
  3723 | D:4      | Found a shadowy altar of Dithmenos.
  3730 | D:4      | Killed Dowan
  3783 | D:4      | Got a bone rapier
  3784 | D:4      | Identified the +4 rapier of Oenomania {freeze, *Corrode rN+ Int+2 Dex+6} (You found it on level 4 of the Dungeon)
  3952 | D:4      | Noticed Natasha
  3957 | D:4      | Killed Natasha
  4014 | D:4      | Found a runed door.
  4018 | D:4      | Noticed Crazy Yiuf
  4031 | D:4      | Killed Crazy Yiuf
  4031 | D:4      | Reached XP level 7. HP: 47/55 MP: 10/10
  4123 | D:5      | Entered Level 5 of the Dungeon
  4123 | D:5      | Noticed Sigmund
  4130 | D:5      | Killed Sigmund
  4319 | D:5      | Reached skill level 5 in Fighting
  4366 | D:5      | Found a basalt altar of Yredelemnul.
  4759 | D:5      | Found a bloodstained altar of Trog.
  4792 | D:5      | Found Lenguac's Book Boutique.
  5200 | D:6      | Reached skill level 5 in Evocations
  5200 | D:6      | Reached XP level 8. HP: 51/63 MP: 11/11
  5437 | D:6      | Reached skill level 5 in Dodging
  5804 | D:6      | Reached skill level 6 in Fighting
  6228 | D:7      | Noticed a troll
  6746 | D:7      | Noticed Pikel
  6758 | D:6      | Killed Pikel
  6758 | D:6      | Reached skill level 7 in Fighting
  6758 | D:6      | Reached XP level 9. HP: 11/72 MP: 13/13
  7274 | D:7      | Noticed Menkaure
  7281 | D:7      | Killed Menkaure
  7311 | D:7      | Found a radiant altar of Vehumet.
  7508 | D:7      | Killed a troll
  7562 | D:7      | Noticed appiemonkey's ghost (novice MiFi)
  7564 | D:7      | Got a shimmering rapier
  8035 | D:7      | Identified the +7 rapier "Keteb" {pierce, +Inv Int+2} (You found it on level 7 of the Dungeon)
  8115 | D:8      | Bought a scroll of silence for 97 gold pieces
  8115 | D:8      | Bought a scroll of enchant weapon for 97 gold pieces
  8115 | D:8      | Bought a scroll of fog for 26 gold pieces
  8115 | D:8      | Bought a scroll of identify for 26 gold pieces
  8115 | D:8      | Bought a scroll of identify for 26 gold pieces
  8115 | D:8      | Bought a scroll of immolation for 45 gold pieces
  8125 | D:8      | Got an opal-encrusted leather armour
  8131 | D:8      | Identified the +3 leather armour "Kousm" {Int+2} (You found it on level 8 of the Dungeon)
  8181 | D:8      | Noticed a troll
  8221 | D:8      | Killed a troll
  8221 | D:8      | Reached skill level 8 in Fighting
  8377 | D:8      | Found a staircase to the Lair.
  8461 | D:8      | Slain by a killer bee

Skill      XL: |  1  2  3  4  5  6  7  8  9 |
---------------+----------------------------+-----
Dodging        | 2 3 4 6 7 |  7.1
Fighting       | 2 3 4 5 7 8 |  8.2
Evocations     | 3 4 5 6 7 |  7.3
Short Blades   | |  0.7
Stealth        | |  0.7

Action                   |  1- 3 |  4- 6 |  7- 9 || total
-------------------------+-------+-------+-------++-------
Melee: Short sword       |   102 |    20 |   125 ||   247
       Dagger            |    12 |   197 |       ||   209
       Flail             |       |     3 |       ||     3
       Rapier            |       |       |     4 ||     4
       Great sword       |       |       |    77 ||    77
Throw: Stone             |       |       |     1 ||     1
Invok: Call Merchant     |       |       |     1 ||     1
Evoke: Wand              |     5 |    16 |    52 ||    73
  Use: Scroll            |     5 |     6 |    12 ||    23
 Stab: Sleeping          |       |     7 |     4 ||    11
Armor: Leather armour    |    42 |    45 |    73 ||   160
Dodge: Dodged            |    70 |    99 |   195 ||   364
       Rpst.: Great sword |       |       |    32 ||    32
